 Dungeon Crawl Stone Soup version 0.17.0-23-g0de4337 (webtiles) character file.

2804 radek the Destroyer (level 9, -5/45 HPs)
             Began as a Gargoyle Earth Elementalist on Nov 14, 2015.
             Was a Follower of Vehumet.
             Killed from afar by Maurice (15 damage)
             ... with a wand of fire
             ... on level 8 of the Dungeon.
             The game lasted 00:48:41 (11911 turns).

radek the Destroyer (Gargoyle Earth Elementalist)  Turns: 11911, Time: 00:48:42

Health: -5/45      AC:  8    Str: 12    XL:     9   Next: 72%
Magic:  14/18      EV: 12    Int: 19    God:    Vehumet [*.....]
Gold:   311        SH:  0    Dex: 15    Spells: 3 memorised, 11 levels left

rFire  . . .     SeeInvis .     b - 283 stones
rCold  . . .     Clarity  .     a - +0 robe
rNeg   + . .     SustAt   .     (no shield)
rPois  ∞         Gourm    .     (no helmet)
rElec  +         Spirit   .     N - +0 cloak
rCorr  .         Warding  .     (no gloves)
rMut   .         Stasis   .     (no boots)
MR     .....                    (no amulet)
Stlth  ++........               (no ring)
                                F - +5 ring of dexterity

@: not resistant to hostile enchantments, unstealthy
A: negative energy resistance 1, electricity resistance, unbreathing,
petrification resistance, rot immunity, AC +5
a: Renounce Religion


You were on level 8 of the Dungeon.
You worshipped Vehumet.
Vehumet was aware of your devotion.
You were not hungry.

You visited 2 branches of the dungeon, and saw 9 of its levels.

You collected 311 gold pieces.

Inventory:

Hand Weapons
 e - a +2 whip
 k - a cursed -2 dagger
 l - a cursed -2 dagger
 o - a +2 morningstar of holy wrath
 M - a +2 quarterstaff of chaos
 O - the +6 hand axe "Ligen" {elec, +Fly rF+ Str+3, unknown}
   (You found it on level 8 of the Dungeon)

   Occasionally, upon striking a foe, it will discharge some electrical energy
   and cause terrible harm.
   It affects your strength (+3).
   It protects you from fire.
   It lets you fly.
Missiles
 b - 283 stones (in hand)
Armour
 a - a +0 robe (worn)
 q - a +0 buckler
 x - a +0 cloak
 I - the +1 leather armour "Jizxasyl" {*Contam Int+6, unknown}
   (You found it on level 8 of the Dungeon)

   It affects your intelligence (+6).
   It causes magical contamination when unequipped.
 N - a +0 cloak (worn)
Jewellery
 F - a +5 ring of dexterity (left hand)
Wands
 t - a wand of heal wounds (0)
 G - a wand of polymorph (16)
 H - a wand of random effects (33)
 L - a wand of fire (4)
Scrolls
 n - 7 scrolls of identify
 r - 5 scrolls of teleportation
 y - 3 scrolls of remove curse
 A - a scroll of fog
 C - 2 scrolls of enchant weapon
Potions
 d - 4 potions of curing
 f - a potion of cure mutation {unknown}
 h - 3 potions of lignification
 i - a potion of agility {unknown}
 j - a potion of flight {unknown}
 m - a potion of might {unknown}
 p - 3 potions of brilliance {unknown}
 s - 2 potions of invisibility {unknown}
 v - 3 potions of degeneration {unknown}
 z - 2 potions of resistance {unknown}
 J - a potion of haste {unknown}
Books
 c - a book of Geomancy

   Spells                             Type                      Level
   a - Sandblast                      Earth                        1
   b - Stoneskin                      Transmutation/Earth          2
   c - Passwall                       Transmutation/Earth          3
   d - Stone Arrow                    Conjuration/Earth            3
   e - Petrify                        Transmutation/Earth          4
   f - Lee's Rapid Deconstruction     Earth                        5
Comestibles
 g - a beef jerky
 u - 5 slices of pizza
 w - 6 chunks of flesh
 B - a bread ration
 D - 5 fruits
 E - 2 royal jellies
 K - a meat ration


   Skills:
 + Level 4.0 Maces & Flails
 - Level 1.5 Dodging
 - Level 2.1 Stealth
 + Level 6.2 Spellcasting
 * Level 9.1 Conjurations
   Level 0.7 Transmutations
 + Level 8.3 Earth Magic


You had 11 spell levels left.
You knew the following spells:

 Your Spells              Type           Power        Failure   Level  Hunger
a - Sandblast             Erth           #####.       1%          1    None
b - Stone Arrow           Conj/Erth      #####.       1%          3    ##.....
c - Lee's Rapid Deconstr  Erth           #####.....   12%         5    #####..


Dungeon Overview and Level Annotations

Branches:
Dungeon (9/15)             Temple (1/1) D:4            Lair (0/8) D:9
    Orc: D:9-12

Altars:
Ashenzari
Cheibriados
Dithmenos
Elyvilon
Fedhas
Gozag
Kikubaaqudgha
Makhleb
Nemelex Xobeh
Okawaru
Qazlal
Ru
Sif Muna
Trog
Vehumet
Xom
Yredelemnul
The Shining One

Shops:
D:4 }   D:5 [

Portals:
Bailey: D:8

Annotations:
D:3 Sigmund
D:8 Maurice


Innate Abilities, Weirdness & Mutations

You are resistant to torment.
Your stone body is resilient (AC +5).
You are immune to poison.
You resist negative energy.
You are resistant to electric shocks.
You can survive without breathing.
You are immune to petrification.
You are immune to rotting.


Message History

The centaur shoots an arrow.
The arrow barely misses you.
Things that are here:
an arrow; a wyvern skeleton The centaur shoots an arrow.
The arrow hits you but does no damage.
You see here an arrow.
You see here 26 sling bullets.
The quasit bites you but does no damage.
The quasit claws you but does no damage.
The quasit barely misses you.
You hear a zap.
A bolt of fire appears from out of thin air!
The bolt of fire hits the quasit.
The quasit resists.
The bolt of fire hits you!
* * * LOW HITPOINT WARNING * * *
Something hits you but does no damage.
You hear a zap.
A bolt of fire appears from out of thin air!
The bolt of fire hits the quasit.
The quasit resists.
The bolt of fire hits you!
You die...

. . ##### .
###################...##.
#>........[............./
#.##################..)..
#.##################.)∩).
#.......@5...c§(..(§((...
#.####......########.....
#.# #......# ###...
#.####......# #.##
#......J....# #.#
######......# #.#
##.##### #.# #.# #.. #.


You could see a centaur, a jelly (wandering) and a quasit.

Vanquished Creatures
  Grinder (D:3)
  The ghost of Gravenous the Chiller, an amateur OpIE (D:4)
  2 wyverns (D:8)
  Menkaure (D:4)
  A hippogriff (D:9)
  A sky beast (D:5)
  2 ice beasts
  A phantom (D:6)
  An ogre (D:6)
  A centaur (D:5)
  A necrophage (D:6)
  A giant frog (D:9)
  A scorpion (D:5)
  5 killer bees (D:9)
  4 crimson imps
  A centaur zombie (D:5)
  3 hounds
  Crazy Yiuf (D:5)
  3 orc priests
  3 iguanas
  5 worker ants
  A giant frog skeleton (D:4)
  2 orc wizards (D:4)
  A hound zombie (D:6)
  A hound skeleton (D:5)
  4 adders
  2 gnolls (D:1)
  5 shadow imps (D:5)
  2 oozes (D:3)
  An adder skeleton (D:4)
  3 worms
  4 giant geckos
  21 orcs
  6 giant cockroaches
  8 hobgoblins
  11 kobolds
  3 quokkas
  A ball python skeleton (D:4)
  9 bats
  A giant gecko skeleton (D:3)
  5 giant newts (D:1)
  14 goblins
  13 jackals
  A jackal zombie (D:6)
  A quokka skeleton (D:5)
  11 rats
  A fungus (D:5)
172 creatures vanquished.

Notes
Turn   | Place    | Note
--------------------------------------------------------------
     0 | D:1      | radek the Gargoyle Earth Elementalist began the quest for the Orb.
     0 | D:1      | Reached XP level 1. HP: 10/10 MP: 3/3
    19 | D:1      | Reached skill level 4 in Earth Magic
    19 | D:1      | Reached XP level 2. HP: 15/15 MP: 0/5
   466 | D:1      | Reached XP level 3. HP: 11/19 MP: 4/6
  1330 | D:1      | Learned a level 3 spell: Stone Arrow
  1976 | D:1      | Reached skill level 1 in Conjurations
  2901 | D:2      | Reached XP level 4. HP: 22/24 MP: 8/8
  3980 | D:3      | Noticed Grinder
  4965 | D:2      | Reached XP level 5. HP: 21/28 MP: 0/9
  4972 | D:2      | Learned a level 5 spell: Lee's Rapid Deconstruction
  5336 | D:3      | Paralysed by Grinder for 6 turns
  6119 | D:3      | Noticed Sigmund
  6152 | D:3      | Paralysed by Grinder for 5 turns
  6457 | D:4      | Reached skill level 5 in Earth Magic
  6484 | D:4      | Reached XP level 6. HP: 32/32 MP: 4/11
  6485 | D:4      | Noticed an ice beast
  6684 | D:3      | Killed Grinder
  6684 | D:3      | Reached XP level 7. HP: 36/36 MP: 2/13
  7466 | D:4      | Killed an ice beast
  7466 | D:4      | Reached skill level 5 in Conjurations
  7466 | D:4      | Reached skill level 6 in Earth Magic
  7937 | D:4      | Noticed Menkaure
  7940 | D:4      | Killed Menkaure
  7940 | D:4      | Reached skill level 1 in Maces & Flails
  7940 | D:4      | Reached XP level 8. HP: 41/41 MP: 2/15
  8290 | D:4      | Noticed Gravenous's ghost (amateur OpIE)
  8293 | D:4      | Killed Gravenous's ghost
  8435 | D:4      | Found a basalt altar of Yredelemnul.
  8449 | D:4      | Found a sparkling altar of Nemelex Xobeh.
  8502 | D:4      | Reached skill level 5 in Spellcasting
  8616 | D:4      | Found Reuxuxoh's Gadget Boutique.
  8917 | D:4      | Found a staircase to the Ecumenical Temple.
  8928 | Temple   | Entered the Ecumenical Temple
  8939 | Temple   | Became a worshipper of Vehumet
  9166 | D:5      | Entered Level 5 of the Dungeon
  9172 | D:5      | Found Cude's Armour Shoppe.
  9176 | D:5      | Reached skill level 7 in Earth Magic
 10339 | D:5      | Noticed Crazy Yiuf
 10342 | D:5      | Killed Crazy Yiuf
 10342 | D:5      | Reached * piety under Vehumet
 10342 | D:5      | Offered knowledge of Freeze by Vehumet.
 10445 | D:6      | Reached XP level 9. HP: 45/45 MP: 7/17
 10671 | D:6      | Reached skill level 8 in Conjurations
 11235 | D:6      | You fall through a shaft for 3 floors!
 11740 | D:8      | Reached skill level 9 in Conjurations
 11815 | D:8      | Got a bloodstained leather armour
 11819 | D:8      | Found a flagged portal.
 11894 | D:8      | Noticed Maurice
 11897 | D:8      | Got a translucent hand axe
 11911 | D:8      | Killed from afar by Maurice

Action                   |  1- 3 |  4- 6 |  7- 9 || total
-------------------------+-------+-------+-------++-------
Melee: Whip              |   268 |   305 |    40 ||   613
       Morningstar       |       |       |   173 ||   173
 Cast: Sandblast         |    24 |     7 |     4 ||    35
       Stone Arrow       |       |    29 |    91 ||   120
       Lee's Rapid Decon |       |       |     4 ||     4
Evoke: Wand              |       |       |     5 ||     5
  Use: Scroll            |     4 |     2 |     6 ||    12
 Stab: Sleeping          |     4 |     2 |     3 ||     9
       Distracted        |     1 |     2 |       ||     3
  Eat: Chunk             |     5 |     8 |    10 ||    23
       Bread ration      |     1 |     1 |     2 ||     4
       Meat ration       |       |       |     1 ||     1
